 Dungeon Crawl Stone Soup version 0.30-a0-632-g346586fe48 (webtiles) character file.

Game seed: 16368161314897493214

1899 kae the Changer (level 8, -7/64 HPs)
             Began as a Demonspawn Transmuter on Jan 13, 2023.
             Was an Initiate of Ru.
             Mangled by Pikel
             ... wielding a +0 whip of electrocution
              (15 damage)
             ... on level 7 of the Dungeon.
             The game lasted 00:08:16 (7277 turns).

kae the Changer (Demonspawn Transmuter)             Turns: 7277, Time: 00:08:16

Health: -7/64      AC: 17    Str: 10    XL:     8   Next: 93%
Magic:  11/15      EV: 10    Int: 19    God:    Ru [......]
Gold:   249        SH:  0    Dex: 14    Spells: 6/16 levels left

rFire   x . .      SeeInvis .      - Unarmed
rCold   + + +      Faith    .    (shield currently unavailable)
rNeg    . . .      Spirit   .    (body armour currently unavailable)
rPois   +          Reflect  .    (helmet currently unavailable)
rElec   .          Harm     .    (cloak currently unavailable)
rCorr   .          Rampage  .    (gloves currently unavailable)
Will    .....                    (boots currently unavailable) Stlth
                                 (no amulet)
HPRegen 0.30/turn                O - +4 ring of protection
MPRegen 0.28/turn                o - +4 ring of protection

@: ice-form, wereblooded
A: freezing attack, amphibious, boosted hp, large, (spiny 1), magic
regeneration, no stealth, big brain 1
a: End Transformation, Renounce Religion


You were on level 7 of the Dungeon.
You worshipped Ru.
Ru was noncommittal.
You were a creature of crystalline ice.
You visited 2 branches of the dungeon, and saw 8 of its levels.

You collected 285 gold pieces.
You spent 36 gold pieces at shops.


Innate Abilities, Weirdness & Mutations

You are a creature of crystalline ice.
You have a powerful freezing melee attack.
You are amphibious.
Your maximum health is increased.
Your armour is entirely melded.
You are incapable of wielding weapons or throwing items.
((You are partially covered in sharp spines.))
You regenerate magic rapidly.
You cannot be stealthy.
You have an unusually large brain. (Int +2)


   Skills:
 - Level 1.0 Fighting
 - Level 1.7 Dodging
 + Level 5.2 Unarmed Combat
 + Level 4.8 Spellcasting
 * Level 6.5 Transmutations
 * Level 5.1 Ice Magic
 - Level 1.7 Poison Magic


You had 6 spell levels left.
You knew the following spells:

 Your Spells              Type           Power      Damage    Failure   Level
a - Beastly Appendage     Tmut           58%        N/A       1%          1
b - Wereblood             Tmut           29%        N/A       1%          2
c - Spider Form           Tmut/Pois      20%        N/A       7%          3
d - Ice Form              Ice/Tmut       26%        N/A       12%         4

Your spell library contained the following spells:

 Spells                   Type           Power      Damage    Failure   Level
 Necrotise                Necr           16%        1d4       13%         1
 Vampiric Draining        Necr           4%         2d6       36%         3
 Agony                    Necr           4%         N/A       98%         5

Inventory:

Hand Weapons
 m - the +4 dagger "Morg" (melded) {pain, Will+ Int+5}
   (You found it on level 3 of the Dungeon)

   Int:       It affects your intelligence (+5).
   Will:      It increases your willpower.
Missiles
 c - 12 boomerangs
 e - 30 stones
 p - 4 curare-tipped darts {=f}
 r - 5 poisoned darts
Armour
 a - a +1 robe (melded)
 t - the +1 hat of the Harvest (melded) {rElec Int+3 Stlth-}
   (You acquired it on level 7 of the Dungeon)

   Int:       It affects your intelligence (+3).
   rElec:     It insulates you from electricity.
   Stlth:     It makes you less stealthy.
Magical Staves
 f - a staff of poison {!a}
   (You found it on level 2 of the Dungeon)
Jewellery
 o - a +4 ring of protection (right front paw)
   (You found it on level 5 of the Dungeon)
 v - a ring of see invisible
   (You found it on level 5 of the Dungeon)
 A - an amulet of the acrobat
   (You found it on level 7 of the Dungeon)
 O - a +4 ring of protection (left front paw)
   (You found it on level 4 of the Dungeon)
Wands
 b - a wand of charming (12)
   (You found it on level 2 of the Dungeon)
 k - a wand of quicksilver (18)
   (You found it on level 3 of the Dungeon)
 n - a wand of iceblast (10)
   (You found it on level 4 of the Dungeon)
 u - a wand of polymorph (7)
   (You found it on level 5 of the Dungeon)
Scrolls
 d - a scroll of silence {!r}
 h - 2 scrolls of enchant weapon
 z - a scroll of enchant armour
 B - a scroll of teleportation {unknown}
Potions
 g - a potion of cancellation
 i - 5 potions of curing {@q1}
 j - 5 potions of mutation {unknown}
 l - a potion of might {unknown}
 q - a potion of attraction {unknown}
 s - 2 potions of brilliance {unknown}
 w - 2 potions of ambrosia {unknown}
 x - a potion of heal wounds {unknown}
 y - a potion of lignification {!q}
 C - a potion of resistance {unknown}

Dungeon Overview and Level Annotations

Branches:
Dungeon (7/15) Zot: 26801  Temple (1/1) D:6 Zot: 5987

Altars:
Ashenzari
Fedhas
Kikubaaqudgha
Makhleb
Okawaru
Qazlal
Ru
Trog
Wu Jian
Xom
Yredelemnul

Shops:
D:1 =   D:2 !   D:6 [

Annotations:
D:7 Pikel

.......+.....#
#.......#.....#
#.......#.....#
#.......#.....#
#.......+.)...#
.......#.....# ..##
#####....#.....# ...
#...+....'Y....# ...
#...#....##K#### ..#
##..#......55...
..######..##'##...5.!.
§..#..#.......#.........
§..#..'.......#.......5.
§§.#..###+##..#.......#'
§§##..##..#####.......#
..##..........#.......


You could see Pikel, 3 lemures and a white imp.


Message History

A - an amulet of the acrobat;
C - a sedimented emerald potion You open the door.
There is an open door here.
You open the door.
There is an open door here.
You open the door.
A sky beast comes into view.
A sky beast is nearby!
A sky beast is nearby!
A sky beast is nearby!
Casting: Ice Form (dangerous; 7% risk of failure)
Confirm with . or Enter, or press ? or * to list all spells.
You turn into a creature of crystalline ice.
The +4 dagger "Morg" {pain, Will+ Int+5} melds into your body.
The +1 hat of the Harvest {rElec Int+3 Stlth-} melds into your body.
Your +1 robe melds into your body. 😎 HP[+10] MP[-4]
You now have 64 max hp (+10).
Your hp is fully restored (64).
You lost 4 mp, and now have 11/15 mp.
There is an open door here.
You hit the sky beast but do no damage. 😎 MP[+1]
You punch the sky beast! You freeze the sky beast.
The sky beast barely misses you.
You barely miss the sky beast.
The sky beast hits you but does no damage.
A sky beast is nearby!
You barely miss the sky beast.
The sky beast hits you but does no damage.
You hit the sky beast. You freeze the sky beast. The sky beast hits you.
The sky beast shocks you. 😕 HP[-8] MP[+1]
You take 8 damage, and now have 56/64 hp.
A sky beast is nearby!
You hit the sky beast. You freeze the sky beast.
You kill the sky beast!
No target in view! 😕 HP[+1]
You see here a sky beast corpse.
You open the door.
There is an open door here.
Your transformation is almost over.
You open the door.
There is an open door here.
You warm up again.
The +4 dagger "Morg" {pain, Will+ Int+5} unmelds from your body.
The +1 hat of the Harvest {rElec Int+3 Stlth-} unmelds from your body.
Your +1 robe unmelds from your body.
You have a feeling of ineptitude.
Key pressed, stopping explore.
You open the door.
There is an open door here.
You open the door.
There is an open door here.
As you open the door, it creaks loudly!
A lemure comes into view.
The lemure shouts!
The lemure moves out of view.
Pikel, Merchant of Souls comes into view.
He is wielding a +0 whip of electrocution. 😎 HP[-3] MP[+2]
You now have 54 max hp (-10).
Your mp is fully restored (15).
Unknown command.
Casting: Ice Form (dangerous; 7% risk of failure)
Confirm with . or Enter, or press ? or * to list all spells.
You turn into a creature of crystalline ice.
The +4 dagger "Morg" {pain, Will+ Int+5} melds into your body.
The +1 hat of the Harvest {rElec Int+3 Stlth-} melds into your body.
Your +1 robe melds into your body.
A lemure comes into view. 😎 HP[+10] MP[-4]
You now have 64 max hp (+10).
Your hp is fully restored (64).
You lost 4 mp, and now have 11/15 mp.
Casting: Ice Form (dangerous; 12% risk of failure)
Confirm with . or Enter, or press ? or * to list all spells.
Your blood is infused with primal strength.
The lemure shouts!
A lemure comes into view.
Something unseen opens the door.
The lemure shouts!
A bullfrog comes into view.
A lemure comes into view. 😎 MP[-1]
You lost 1 mp, and now have 10/15 mp.
The lemure shouts! 😎 MP[+1]
You barely miss Pikel. Pikel hits you but does no damage.
You are electrocuted!!
A white imp comes into view.
The white imp shouts!
You hit Pikel but do no damage.
Pikel says, "You'll feel the lick of my whip!"
Pikel hits you with a +0 whip of electrocution!
You are electrocuted!!
* * * LOW HITPOINT WARNING * * *
😱 HP[-48]
You take 48 damage, and now have 16/64 hp.
MASSIVE DAMAGE!! (PAUSE)
You hit Pikel. You freeze Pikel.
Pikel hits you with a +0 whip of electrocution!
* * * LOW HITPOINT WARNING * * *
You are electrocuted!
You die...

Skill      XL: |  1  2  3  4  5  6  7  8 |
---------------+-------------------------+-----
Transmutations | 2 3 4 5 6 |  6.5
Unarmed Combat | 3 4 5 |  5.2
Poison Magic   | 1 |  1.7
Spellcasting   | 3 4 |  4.8
Ice Magic      | 1 2 3 5 |  5.1
Fighting       | |  1.0
Dodging        | |  1.7

Action                   |  1- 3 |  4- 6 |  7- 9 || total
-------------------------+-------+-------+-------++-------
Melee: Unarmed           |    72 |   191 |   158 ||   421
       Headbutt          |     7 |     8 |       ||    15
       Kick              |    10 |    19 |       ||    29
       Punch             |       |     1 |     1 ||     2
       Dagger            |       |       |     2 ||     2
 Cast: Beastly Appendage |    16 |    20 |       ||    36
       Spider Form       |       |    11 |     4 ||    15
       Wereblood         |       |     1 |     2 ||     3
       Ice Form          |       |       |    19 ||    19
Invok: Sacrifice Stealth |       |       |     1 ||     1
  Use: Scroll            |     2 |     4 |     5 ||    11
       Potion            |     1 |       |       ||     1
 Stab: Sleeping          |       |       |     2 ||     2
Armor: Robe              |    11 |    15 |     2 ||    28
       Skin              |     9 |     7 |    55 ||    71
Dodge: Dodged            |    48 |   139 |   109 ||   296

Levels and vault maps discovered:
D:1:      minmay_arrival_semitransparent, layout_basic, serial_shops, shop
D:2:      layout_loops_corners, serial_shops, shop,
          ebering_ecumenical_altar_hall
D:3:      layout_loops_ring, chequers_serial_rivers_micro_a,
          nicolae_hexahallways, dilly_guarded_unrand_morg
D:4:      layout_basic, mainiacjoe_overflow_swirl
D:5:      layout_basic, eino_small_chamber_without_monster, uniq_blork_the_orc
D:6:      layout_gridville, xom_teletrap_fun,
          minmay_temple_entry_statues_pillars, serial_shops, shop
D:7:      layout_gridville, uniq_pikel
Temple:   eino_narrow_crystal_temple

Notes
Turn   | Place    | Note
-------+----------+-------------------------------------------
     0 | D:1      | kae the Demonspawn Transmuter began the quest for the Orb.
     0 | D:1      | Reached XP level 1. HP: 15/15 MP: 3/3
     0 | D:1      | magus.rc [v1.11.3]
   209 | D:1      | Reached skill level 2 in Transmutations
   383 | D:1      | Gained mutation: You regenerate magic rapidly. [demonic
                  | ancestry]
   383 | D:1      | Reached XP level 2. HP: 21/21 MP: 3/5
   784 | D:1      | Found Laef Ole's Jewellery Emporium.
  1136 | D:2      | Reached skill level 3 in Unarmed Combat
  1241 | D:2      | Reached XP level 3. HP: 25/26 MP: 6/6
  1264 | D:2      | Reached skill level 3 in Transmutations
  1264 | D:2      | Gained mutation: You have an unusually large brain. (Int
                  | +2) [demonic ancestry]
  1264 | D:2      | Reached XP level 4. HP: 32/32 MP: 7/7
  1278 | D:2      | Learned a level 2 spell: Wereblood
  1282 | D:2      | Learned a level 3 spell: Spider Form
  1696 | D:2      | Found a faded altar of an unknown god.
  2012 | D:2      | Found Plog's Distillery.
  2021 | D:2      | Bought a potion of curing for 36 gold pieces
  2172 | D:3      | Reached skill level 1 in Poison Magic
  2348 | D:3      | Reached XP level 5. HP: 37/37 MP: 9/9
  2361 | D:3      | Noticed a phantom
  2372 | D:3      | Killed a phantom
  2373 | D:3      | Reached skill level 3 in Spellcasting
  2503 | D:3      | Learned a level 4 spell: Ice Form
  3007 | D:3      | Noticed Natasha
  3008 | D:3      | Found the +4 dagger "Morg" {pain, Will+ Int+5}
  3119 | D:3      | Reached skill level 1 in Ice Magic
  3119 | D:3      | Gained mutation: You are partially covered in sharp spines.
                  | [demonic ancestry]
  3119 | D:3      | Reached XP level 6. HP: 33/43 MP: 10/10
  3223 | D:3      | Reached skill level 4 in Transmutations
  3237 | D:3      | Killed Natasha
  3256 | D:3      | You pick up a book of Necromancy and begin reading...
  3256 | D:3      | You add the spells Necrotise, Vampiric Draining and Agony
                  | to your library.
  3329 | D:3      | Noticed Natasha
  3338 | D:3      | Killed Natasha
  3910 | D:3      | Noticed Natasha
  3918 | D:3      | Killed Natasha
  4261 | D:4      | Reached skill level 4 in Unarmed Combat
  4265 | D:4      | Reached skill level 2 in Ice Magic
  4372 | D:4      | Noticed an orc warrior
  4388 | D:4      | HP: 10/43 [orc warrior/+0 dire flail (15)]
  4389 | D:4      | Killed an orc warrior
  4390 | D:4      | Reached XP level 7. HP: 13/48 MP: 9/12
  4529 | D:4      | Found a stormy altar of Qazlal.
  4538 | D:4      | Found an ancient bone altar of Kikubaaqudgha.
  4780 | D:4      | You fall into a shaft and drop 2 floors!
  4781 | D:6      | Found a staircase to the Ecumenical Temple.
  4790 | Temple   | Entered the Ecumenical Temple
  4796 | Temple   | Became a worshipper of Ru the Awakened
  4851 | D:6      | HP: 11/57 [ogre/+0 giant spiked club (11)]
  5032 | D:6      | Reached skill level 5 in Transmutations
  5032 | D:6      | Reached skill level 3 in Ice Magic
  5044 | D:6      | Found a shimmering altar of Xom.
  5089 | D:6      | Reached skill level 4 in Spellcasting
  5151 | D:6      | Reached XP level 8. HP: 53/54 MP: 11/14
  5377 | D:5      | Entered Level 5 of the Dungeon
  5434 | D:5      | Reached skill level 4 in Ice Magic
  5664 | D:5      | Reached skill level 6 in Transmutations
  5779 | D:5      | Noticed Blork the orc
  5789 | D:5      | Killed Blork the orc
  5790 | D:5      | Reached skill level 5 in Unarmed Combat
  6217 | D:5      | Gained mutation: You cannot be stealthy. [Ru sacrifice]
  6659 | D:6      | Reached skill level 5 in Ice Magic
  7041 | D:6      | Found Ilockuq's Antique Armour Shoppe.
  7080 | D:7      | Identified a scroll of acquirement
  7080 | D:7      | Acquired the +1 hat of the Harvest {rElec Int+3 Stlth-}
  7268 | D:7      | Noticed Pikel
  7276 | D:7      | HP: 16/64 [Pikel/+0 whip of electrocution (20)]
  7277 | D:7      | Mangled by Pikel

Vanquished Creatures
  A water moccasin (D:6)
  A sky beast (D:7)
  An orc warrior (D:4)
  A black bear (D:6)
  3 ogres
  2 centaurs (D:5)
  A phantom (D:3)
  Blork the orc (D:5)
  A necrophage (D:6)
  2 scorpions
  A howler monkey (D:6)
  3 jellies
  A centaur skeleton (D:3)
  A water moccasin simulacrum (D:3)
  3 hounds
  4 iguanas
  Natasha (thrice) (D:3)
  3 orc wizards
  2 hound skeletons (D:3)
  A hound zombie (D:3)
  3 gnolls (D:4)
  8 adders
  3 white imps
  4 ufetubi
  An adder skeleton (D:3)
  2 dart slugs
  10 orcs
  4 endoplasms
  3 giant cockroaches
  4 goblins
  6 hobgoblins
  7 jackals
  3 kobolds
  5 quokkas
  3 ball pythons
  5 bats
  6 frilled lizards
  8 rats
121 creatures vanquished.

Vanquished Creatures (others)
  20 withered plants (D:3)
20 creatures vanquished.

Grand Total: 141 creatures vanquished

Table legend:
 A = Non-vault XP
 B = Vault XP
 C = Vault XP percentage of total XP
 D = Non-vault monster count
 E = Vault monster count
 F = Vault count percentage of total count
                 A         B        C        D         E       F
            +---------+---------+-------+---------+---------+-------
      Total |    2438 |     275 |  10.1 |     113 |       8 |   6.6
            +---------+---------+-------+---------+---------+-------
        D:1 |      16 |       0 |   0.0 |      10 |       0 |   0.0
        D:2 |     136 |       0 |   0.0 |      27 |       0 |   0.0
        D:3 |     251 |     181 |  41.9 |      22 |       7 |  24.1
        D:4 |     349 |       0 |   0.0 |      23 |       0 |   0.0
        D:5 |     711 |      94 |  11.7 |      18 |       1 |   5.3
        D:6 |     842 |       0 |   0.0 |      12 |       0 |   0.0
        D:7 |     133 |       0 |   0.0 |       1 |       0 |   0.0
            +---------+---------+-------+---------+---------+-------

Illustrated notes

Table legend:
 A = Kills in this place as a percentage of kills in entire the game.
 B = Kills by you in this place as a percentage of kills by you in the entire game.
 C = Kills by friends in this place as a percentage of kills by friends in the entire game.
 D = Other kills in this place as a percentage of other kills in the entire game.
 E = Experience gained in this place as a percentage of experience gained in the entire game.
 F = Experience gained in this place divided by the number of levels of this place that you have seen.
                   A       B       C       D       E      F
               +-------+-------+-------+-------+-------+----------------------
         Total | 100.0 | 100.0 |   N/A |   N/A | 100.0 | 339.1
       Dungeon | 100.0 | 100.0 |   N/A |   N/A | 100.0 | 387.6
               +-------+-------+-------+-------+-------+----------------------

Table legend: (Time is in decaauts)
 A = Elapsed time spent in this place.
 B = Non-inter-level travel time spent in this place.
 C = Inter-level travel time spent in this place.
 D = Time resting spent in this place.
 E = Time spent auto-exploring this place.
 F = Levels seen in this place.
 G = Mean time per level.
                   A        B        C        D        E       F      G
               +--------+--------+--------+--------+--------+-----+--------+
         Total |   7255 |   6936 |    319 |    175 |   5722 |   8 |  906.9 |
       Dungeon |   7242 |   6929 |    313 |    175 |   5722 |   7 | 1034.6 |
        Temple |     12 |      7 |      5 |      0 |      0 |   1 |   12.0 |
               +--------+--------+--------+--------+--------+-----+--------+

Top non-repeatable levels by time:
     D:3: 2005 daAuts
     D:6: 1320 daAuts
     D:2: 1259 daAuts
     D:5: 953 daAuts
     D:1: 935 daAuts
     D:4: 569 daAuts
     D:7: 198 daAuts
  Temple: 12 daAuts
